 Dungeon Crawl Stone Soup version 0.30-a0-42-g806c11bf1d (webtiles) character file.

Game seed: 12269245661814662398

349 Destapler the Shield-Bearer (level 6, -1/58 (61) HPs)
             Began as a Troll Fighter on Aug 30, 2022.
             Was an Initiate of Yredelemnul.
             Frozen to death by an endoplasm (5 damage)
             ... on level 4 of the Dungeon.
             The game lasted 00:06:38 (2153 turns).

Destapler the Shield-Bearer (Troll Fighter)         Turns: 2153, Time: 00:06:40

HP:   -1/58 (61)    AC:  4    Str: 25    XL:     6   Next: 33%
MP:   6/6           EV:  9    Int:  4    God:    Yredelemnul [......]
Gold: 606           SH:  8    Dex: 11    Spells: 5/5 levels left

rFire   . . .      SeeInvis .    a - +0 flail
rCold   . . .      Faith    .    c - +0 kite shield
rNeg    . . .      Spirit   .    b - +0 robe
rPois   .          Reflect  .    (helmet restricted)
rElec   .          Harm     .    (no cloak)
rCorr   .          Rampage  .    (gloves unavailable)
Will    .....                    (boots unavailable)
Stlth   +.........               q - amulet of regeneration
HPRegen 1.79/turn                (no ring)
MPRegen 0.10/turn                (no ring)

@: lightly drained
A: large, unfitting armour, claws 3, regeneration 1, shaggy fur 1, tough skin 1
a: Renounce Religion, Recall Undead Harvest


You were on level 4 of the Dungeon.
You worshipped Yredelemnul.
Yredelemnul was noncommittal.
You visited 1 branch of the dungeon, and saw 4 of its levels.

You collected 606 gold pieces.

Inventory:

Hand Weapons
 a - a +0 flail (weapon)
 s - a +0 vorpal hand axe
Armour
 b - a +0 robe (worn)
 c - a +0 kite shield (worn)
Jewellery
 q - an amulet of regeneration (around neck)
Wands
 e - a wand of mindburst (3)
 g - a wand of charming (9)
 m - a wand of digging (3)
Scrolls
 f - a scroll of immolation
 k - a scroll of identify
 l - a scroll of poison
 p - a scroll of amnesia {unknown}
 v - a scroll of teleportation {unknown}
Potions
 d - a potion of might
 h - a potion of heal wounds {unknown}
 i - a potion of resistance {unknown}
 j - 2 potions of curing
 n - a potion of ambrosia {unknown}
 o - a potion of berserk rage {unknown}
 r - a potion of cancellation {unknown}
 t - a potion of lignification {unknown}
 u - a potion of mutation {unknown}


   Skills:
 + Level 3.4 Fighting
 + Level 3.2 Maces & Flails
 + Level 3.4 Dodging
 + Level 3.8 Shields
 + Level 2.1 Invocations


You had 5 spell levels left.
You didn't know any spells.
Your spell library was empty.

Dungeon Overview and Level Annotations

Branches:
Dungeon (4/15)
 Temple: D:4-7

Altars:
Yredelemnul
Zin

Annotations:
D:4 1 runed translucent door, dittoslash's ghost, amateur DrFi


Innate Abilities, Weirdness & Mutations

You are too large for most types of armour.
You have claws for hands.
Your natural rate of healing is unusually fast.
You are covered in fur. (AC +1)
You have tough skin. (AC +1)


Message History

Your endoplasm zombie hits the endoplasm but does no damage.
Unknown command.
You closely miss the necrophage.
The necrophage is heavily damaged.
The endoplasm hits your endoplasm zombie.
The iguana bites you!
* * * LOW HITPOINT WARNING * * *
The necrophage hits you!
* * * LOW HITPOINT WARNING * * *
Your endoplasm zombie hits the endoplasm.
The necrophage closely misses you.
The endoplasm hits your endoplasm zombie.
You block the iguana's attack.
You are too injured to fight recklessly!
Unknown command.
You are too injured to fight recklessly!
Unknown command.
You are too injured to fight recklessly!
You are too injured to fight recklessly!
Unknown command.
Unknown command.
You are too injured to fight recklessly!
You completely miss the necrophage.
The necrophage is heavily damaged.
The necrophage hits you.
* * * LOW HITPOINT WARNING * * *
You feel drained.
The endoplasm hits your endoplasm zombie.
Your endoplasm zombie is destroyed!
The iguana bites you.
* * * LOW HITPOINT WARNING * * *
You block the endoplasm's attack.
You hit the endoplasm but do no damage.
The endoplasm is severely wounded.
The iguana bites you.
* * * LOW HITPOINT WARNING * * *
The endoplasm freezes you.
You are frozen.
You die...
Your body rises from the dead as a mindless zombie.

#..# ##..> .......# #....
........# ##.#. .
##...###...# #.#. ..
##...##⌠##...##.#. .#.###
#...##...##.....#.
......##..##..!..##..###.
.....J.J..+W..♣..⌠#..# #.
.......l@.##..?..##..###.
>......n...##...##.......
..:##.###...##⌠##...#..#.
# #[...###....#....
#................
#........####..##
#......#.####..## #
#......#.....#...
#...###...#####..###..


You could see a necrophage, an iguana, dittoslash's ghost and 2 endoplasms.

Vanquished Creatures
  A black bear (D:4)
  A phantom (D:4)
  An iguana (D:4)
  Robin (D:2)
  6 adders
  4 dart slugs
  7 orcs (D:3)
  3 endoplasms
  2 giant cockroaches
  11 goblins
  5 hobgoblins (D:2)
  2 quokkas
  4 ball pythons
  7 bats
  A frilled lizard (D:1)
  4 kobolds
  5 rats
65 creatures vanquished.

Vanquished Creatures (collateral kills)
  A worm (D:3)
  A dart slug (D:2)
  An orc (D:3)
  2 giant cockroaches
  2 goblins
  A hobgoblin (D:2)
  A ball python (D:2)
  3 frilled lizards
12 creatures vanquished.

Vanquished Creatures (others)
  A bat zombie (D:2)
  An endoplasm zombie (D:4)
  A giant cockroach zombie (D:4)
  A goblin zombie (D:2)
  A hobgoblin zombie (D:2)
  2 plants (D:4)
7 creatures vanquished.

Grand Total: 84 creatures vanquished

Notes
Turn   | Place    | Note
-------+----------+-------------------------------------------
     0 | D:1      | Destapler the Troll Fighter began the quest for the Orb.
     0 | D:1      | Reached XP level 1. HP: 22/22 MP: 0/0
   125 | D:1      | Reached XP level 2. HP: 29/29 MP: 1/1
   198 | D:1      | Found a faded altar of an unknown god.
   303 | D:1      | Prayed at the altar of an unknown god.
   303 | D:1      | Became a worshipper of Yredelemnul the Dark
   303 | D:1      | Reached * piety under Yredelemnul
   533 | D:2      | Found a glowing silver altar of Zin.
   638 | D:2      | Noticed Robin
   643 | D:2      | Reached XP level 3. HP: 30/36 MP: 2/2
   666 | D:2      | Killed Robin
   880 | D:2      | Reached XP level 4. HP: 44/44 MP: 3/3
   909 | D:2      | Reached ** piety under Yredelemnul
  1328 | D:3      | Reached skill level 1 in Invocations
  1524 | D:3      | Reached XP level 5. HP: 53/53 MP: 4/4
  1973 | D:4      | Identified a scroll of acquirement
  1973 | D:4      | Acquired 398 gold pieces
  1987 | D:4      | Noticed dittoslash's ghost (amateur DrFi)
  2088 | D:4      | Noticed a phantom
  2106 | D:4      | Killed a phantom
  2132 | D:4      | Found a runed translucent door.
  2136 | D:4      | Noticed a black bear
  2143 | D:4      | Killed a black bear
  2144 | D:4      | Reached XP level 6. HP: 48/61 MP: 6/6
  2153 | D:4      | Frozen to death by an endoplasm

Illustrated notes

Levels and vault maps discovered:
D:1:      lemuel_arrival_room, layout_rooms, hellmonk_ecumenical_altar_blasted,
          nrook_loot_triangle
D:2:      layout_loops_ring, basic_altar, serial_aquarium,
          aquarium_bridge_island_small [aquarium_subvault_small_water,
          aquarium_subvault_window, aquarium_subvault_bridge,
          aquarium_subvault_bridge, aquarium_subvault_window],
          aquarium_window_2, aquarium_window_fake, aquarium_view_2f, uniq_robin
D:3:      layout_loops_ring
D:4:      layout_loops_cross, minmay_temple_entry_gardened_gates,
          hellmonk_ghost_happy_afterlife

Skill      XL: |  1  2  3  4  5 |
---------------+----------------+-----
Maces & Flails | 2 3 |  3.2
Shields        | 3 |  3.8
Invocations    | 1 2 |  2.1
Fighting       | 3 |  3.4
Dodging        | 3 |  3.4

Action                   |  1- 3 |  4- 6 || total
-------------------------+-------+-------++-------
Melee: Flail             |   103 |   128 ||   231
  Use: Potion            |     1 |       ||     1
       Scroll            |       |     6 ||     6
 Stab: Distracted        |     1 |       ||     1
Armor: Robe              |    65 |    39 ||   104
Dodge: Dodged            |    56 |    50 ||   106
Block: Kite shield       |    63 |    66 ||   129

Table legend: (Time is in decaauts)
 A = Elapsed time spent in this place.
 B = Non-inter-level travel time spent in this place.
 C = Inter-level travel time spent in this place.
 D = Time resting spent in this place.
 E = Time spent auto-exploring this place.
 F = Levels seen in this place.
 G = Mean time per level.
                   A        B        C        D        E       F      G
               +--------+--------+--------+--------+--------+-----+--------+
         Total |   2250 |   2092 |    158 |    111 |   1394 |   4 |  562.5 |
       Dungeon |   2250 |   2092 |    158 |    111 |   1394 |   4 |  562.5 |
               +--------+--------+--------+--------+--------+-----+--------+

Top non-repeatable levels by time:
     D:2: 796 daAuts
     D:3: 613 daAuts
     D:1: 526 daAuts
     D:4: 314 daAuts
